 Dungeon Crawl Stone Soup version 0.27-a0-1245-g940ed4fa31 (webtiles) character file.

Game seed: 6473107224201045840

298 robertstho the Shooter (level 6, -2/51 HPs)
             Began as a Hill Orc Hunter on June 9, 2021.
             Slain by a phantom (6 damage)
             ... on level 5 of the Dungeon.
             The game lasted 00:04:17 (3094 turns).

robertstho the Shooter (Hill Orc Hunter)            Turns: 3094, Time: 00:04:18

Health: -2/51      AC:  9    Str: 16 (17) XL:     6   Next: 36%
Magic:  6/6        EV:  9    Int:  9 (11) God:
Gold:   94         SH:  0    Dex: 10 (11) Spells: 5/5 levels left

rFire    . . .     SeeInvis .   s - +0 long sword
rCold    . . .     Faith    .   (no shield)
rNeg     . . .     Spirit   .   l - +1 scale mail {Will+}
rPois    .         Reflect  .   g - +2 hat
rElec    .         Harm     .   (no cloak)
rCorr    .         Rampage  .   (no gloves)
Will     +....                  (no boots)
Stlth    ..........             (no amulet)
HPRegen  0.17/turn              (no ring)
MPRegen  0.10/turn              (no ring)

@: no status effects
A: no striking features
a: no special abilities


You were on level 5 of the Dungeon.
You visited 1 branch of the dungeon, and saw 5 of its levels.

You collected 94 gold pieces.

Inventory:

Hand Weapons
 a - a +1 shortbow
 b - a +0 short sword
 s - a +0 long sword (weapon)
Armour
 g - a +2 hat (worn)
 l - a +1 scale mail of willpower (worn)
Scrolls
 e - 2 scrolls of enchant weapon
 i - a scroll of torment {unknown}
 m - a scroll of holy word {unknown}
 p - a scroll of fear {unknown}
 q - a scroll of magic mapping {unknown}
Potions
 c - a potion of degeneration
 d - a potion of brilliance {unknown}
 h - a potion of ambrosia {unknown}
 j - a potion of attraction {unknown}
 k - 4 potions of curing {unknown}
 n - a potion of resistance {unknown}
 o - a potion of haste {unknown}


   Skills:
 * Level 3.5 Fighting
 + Level 0.1 Long Blades
 * Level 6.3 Bows
 * Level 1.2 Armour
 + Level 1.6 Dodging
 - Level 0.7 Stealth


You had 5 spell levels left.
You didn't know any spells.
Your spell library contained the following spells:

 Spells                   Type           Power      Damage    Failure   Level
 Foxfire                  Conj/Fire      0%         2x1d4     83%         1
 Conjure Flame            Conj/Fire      0%         6-21      99%         3
 Inner Flame              Hex/Fire       0%         N/A       99%         3
 Sticky Flame             Conj/Fire      0%         2d3       100%        4
 Fireball                 Conj/Fire      0%         3d3       100%        5


Dungeon Overview and Level Annotations

Branches:
Dungeon (5/15)
 Temple: D:4-7

Altars:
Kikubaaqudgha

Shops:
D:5 :

Annotations:
D:3 Sigmund
D:4 Edmund


Message History

The phantom hits you but does no damage. x2
You miss the phantom.
The phantom is heavily damaged.
The phantom hits you.
* * * LOW HITPOINT WARNING * * *
You closely miss the phantom.
The phantom is heavily damaged.
Your transformation is almost over.
The phantom barely misses you.
The phantom hits you but does no damage.
You slash the phantom!
The phantom is severely damaged.
The phantom hits you but does no damage.
You closely miss the phantom.
The phantom is severely damaged.
The phantom hits you.
* * * LOW HITPOINT WARNING * * *
You slash the phantom!
The phantom is almost destroyed.
The phantom hits you but does no damage. x2
You barely miss the phantom.
The phantom is almost destroyed.
The phantom hits you but does no damage.
You closely miss the phantom.
The phantom is almost destroyed.
The phantom hits you but does no damage. x2
You hit the phantom but do no damage.
The phantom is almost destroyed.
You feel less wooden.
Your +2 hat unmelds from your body.
Your +1 scale mail of willpower unmelds from your body.
You feel strong-willed.
The phantom hits you but does no damage.
You barely miss the phantom.
The phantom is almost destroyed.
The phantom hits you.
* * * LOW HITPOINT WARNING * * *
The phantom blinks!
You blink.
The phantom hits you.
You die...

## ###.###...#..#. ###.. .#
##...##..###.##. .....#
....######..####.## #. #.
......# #..............## ..
#>
.......########.##........#..#
#.
..........§...........###...##
#.
.......####.....#.###..(<.....
....... #....W#.# ######..##
....... #.....@.# ### .......
#...).### .....∩# #.....#
.....# #.....# ##### #.....#
#..(..# #.....# #######


You could see a phantom.

Vanquished Creatures
  A bullfrog (D:3)
  A jelly (D:5)
  A hound (D:5)
  Terence (D:2)
  A hound skeleton (D:5)
  A howler monkey zombie (D:4)
  4 gnolls (D:2)
  4 adders
  2 worms (D:2)
  2 orcs (D:4)
  4 ball pythons
  A bat (D:1)
  3 endoplasms
  4 giant cockroaches
  A hobgoblin (D:4)
  5 jackals
  3 frilled lizards
  2 goblins (D:3)
  7 kobolds
  2 rats
50 creatures vanquished.

Notes
Turn   | Place    | Note
-------+----------+-------------------------------------------
     0 | D:1      | robertstho the Hill Orc Hunter began the quest for the Orb.
     0 | D:1      | Reached XP level 1. HP: 18/18 MP: 1/1
   246 | D:1      | Reached skill level 4 in Bows
   246 | D:1      | Reached XP level 2. HP: 25/25 MP: 2/2
   932 | D:2      | Noticed Terence
   934 | D:2      | Reached XP level 3. HP: 23/30 MP: 3/3
  1301 | D:2      | Reached XP level 4. HP: 25/37 MP: 4/4
  1302 | D:2      | Killed Terence
  1303 | D:2      | Reached skill level 5 in Bows
  1546 | D:2      | Found a faded altar of an unknown god.
  1564 | D:2      | Found an ancient bone altar of Kikubaaqudgha.
  1892 | D:3      | Noticed a bullfrog
  1906 | D:3      | Killed a bullfrog
  1907 | D:3      | Reached XP level 5. HP: 27/44 MP: 5/5
  2186 | D:3      | Noticed Sigmund
  2419 | D:4      | Reached skill level 1 in Armour
  2500 | D:4      | Reached skill level 6 in Bows
  2686 | D:4      | Reached XP level 6. HP: 42/51 MP: 6/6
  2933 | D:4      | Noticed Edmund
  2967 | D:5      | Entered Level 5 of the Dungeon
  3072 | D:5      | Found Ciuts's Book Shop.
  3094 | D:5      | Slain by a phantom

Illustrated notes

Levels and vault maps discovered:
D:1:      minmay_arrival_stair_chambers, layout_basic, chequers_arboretum
D:2:      layout_basic, basic_ecumenical_altar, basic_altar, dk_noncrumbling_2,
          kennysheep_generic_room_4, uniq_terence
D:3:      layout_rooms, ebering_ghost_disaster_area, minmay_misc_feat_roman,
          uniq_sigmund
D:4:      layout_loops_corners, nicolae_zen_rock_garden, minmay_liquid_box,
          uniq_edmund
D:5:      layout_rooms, serial_shops, shop

Skill      XL: |  1  2  3  4  5 |
---------------+----------------+-----
Bows           | 4 5 6 |  6.3
Armour         | 1 |  1.2
Fighting       | 3 |  3.5
Long Blades    | |  0.1
Dodging        | |  1.6
Stealth        | |  0.7

Action                   |  1- 3 |  4- 6 || total
-------------------------+-------+-------++-------
Melee: Short sword       |       |     9 ||     9
       Long sword        |       |    46 ||    46
 Fire: Shortbow          |    68 |   108 ||   176
  Use: Scroll            |     1 |     2 ||     3
       Potion            |       |     2 ||     2
Armor: Ring mail         |     2 |       ||     2
       Scale mail        |       |    56 ||    56
       Skin              |       |    19 ||    19
Dodge: Dodged            |    11 |    45 ||    56
       Rpst.: Long sword |       |     6 ||     6

Table legend: (Time is in decaauts)
 A = Elapsed time spent in this place.
 B = Non-inter-level travel time spent in this place.
 C = Inter-level travel time spent in this place.
 D = Time resting spent in this place.
 E = Time spent auto-exploring this place.
 F = Levels seen in this place.
 G = Mean time per level.
                   A        B        C        D        E       F      G
               +--------+--------+--------+--------+--------+-----+--------+
         Total |   3117 |   2977 |    140 |    117 |   2354 |   5 |  623.4 |
       Dungeon |   3117 |   2977 |    140 |    117 |   2354 |   5 |  623.4 |
               +--------+--------+--------+--------+--------+-----+--------+

Top non-repeatable levels by time:
     D:1: 1054 daAuts
     D:2: 831 daAuts
     D:4: 754 daAuts
     D:3: 332 daAuts
     D:5: 143 daAuts
